 Dungeon Crawl Stone Soup version 0.22-a0-283-g1871b15 (webtiles) character file.

45 DMaster the Skirmisher (level 3, -3/30 HPs)
             Began as a Demonspawn Gladiator on Mar 19, 2018.
             Slain by a goblin
             ... wielding a +0 club
              (4 damage)
             ... on level 2 of the Dungeon.
             The game lasted 00:01:13 (1132 turns).

DMaster the Skirmisher (Demonspawn Gladiator)       Turns: 1132, Time: 00:01:14

Health: -3/30      AC:  4    Str: 15    XL:     3   Next: 42%
Magic:  3/3        EV: 12    Int:  9    God:
Gold:   39         SH:  0    Dex: 14    Spells: 2/2 levels left

rFire    . . .     SeeInvis .   a - +0 long sword
rCold    + . .     Gourm    .   (no shield)
rNeg     . . .     Faith    .   b - +0 leather armour
rPois    .         Spirit   .   c - +0 helmet
rElec    .         Reflect  .   (no cloak)
rCorr    .         Harm     .   (no gloves)
MR       .....                  (no boots)
Stlth    ++........             (no amulet)
HPRegen  0.10/turn              (no ring)
MPRegen  0.08/turn              (no ring)

@: no status effects
A: cold resistance 1, nightstalker 1
a: no special abilities


You were on level 2 of the Dungeon.
You were hungry.

You visited 1 branch of the dungeon, and saw 2 of its levels.

You collected 39 gold pieces.

Inventory:

Hand Weapons
 a - a +0 long sword (weapon)
Missiles
 d - 2 throwing nets (quivered)
Armour
 b - a +0 leather armour (worn)
 c - a +0 helmet (worn)
Jewellery
 j - an uncursed amulet of the gourmand {unknown}
Scrolls
 g - a scroll of fear {unknown}
 h - 3 scrolls of enchant weapon {unknown}
 k - a scroll of identify {unknown}
 l - a scroll of magic mapping {unknown}
 n - a scroll of immolation {unknown}
Potions
 e - 2 potions of mutation {unknown}
 i - a potion of agility {unknown}
 m - a potion of curing {unknown}
Comestibles
 f - 5 rations


   Skills:
 + Level 3.9 Fighting
 - Level 2.6 Long Blades
 - Level 1.7 Throwing
 - Level 2.6 Dodging


You had 2 spell levels left.
You didn't know any spells.

Dungeon Overview and Level Annotations

Branches:
Dungeon (2/15)

Altars:

Annotations:
D:2 1 runed door


Innate Abilities, Weirdness & Mutations

Your flesh is cold resistant. (rC+)
You are slightly more attuned to the shadows.


Message History

You kill the adder!
The leopard gecko barely misses you.
You hit the leopard gecko but do no damage.
The leopard gecko is moderately wounded.
The leopard gecko closely misses you. The leopard gecko bites you.
* * * LOW HITPOINT WARNING * * *
Throwing (i - inventory)
d - 3 throwing nets (quivered)
Press: ? - help, Shift-Dir - straight line, f - leopard gecko
Aim: a leopard gecko (moderately wounded, clinging)
You throw a throwing net.
The throwing net hits the leopard gecko.
The leopard gecko is caught in the net!
The leopard gecko is moderately wounded.
The leopard gecko struggles against the net.
You catch the helpless leopard gecko completely off-guard!
You slash the leopard gecko!
You kill the leopard gecko!
The goblin barely misses you.
You closely miss the goblin. The goblin hits you with a club.
You die...

.........#
####.#.###
#.#.###############
#.#.#..............
#.......†....[..#
###.#.##!....†..#
......#........#
#.####.#........#
#...@g..........#
#########.......'.
+.......##
#.......# #..(....#
####.### ..


You could see a goblin.

Vanquished Creatures
  An adder (D:2)
  An ooze (D:1)
  2 dart slugs
  A leopard gecko (D:2)
  2 giant cockroaches
  3 goblins (D:1)
  3 hobgoblins
  4 jackals (D:1)
  2 kobolds (D:1)
  A bat (D:1)
  2 frilled lizards (D:1)
  3 rats (D:1)
  A fungus (D:2)
26 creatures vanquished.

Notes
Turn   | Place    | Note
-------+----------+-------------------------------------------
     0 | D:1      | DMaster the Demonspawn Gladiator began the quest for the Orb.
     0 | D:1      | Reached XP level 1. HP: 16/16 MP: 1/1
   224 | D:1      | Gained mutation: You are slightly more attuned to the shadows. [demonic ancestry]
   224 | D:1      | Reached XP level 2. HP: 23/23 MP: 2/2
   477 | D:1      | Reached skill level 3 in Fighting
   908 | D:1      | Gained mutation: Your flesh is cold resistant. (rC+) [demonic ancestry]
   908 | D:1      | Reached XP level 3. HP: 29/29 MP: 3/3
  1070 | D:2      | Found a runed door.
  1129 | D:2      | HP: 1/30 [leopard gecko (2)]
  1132 | D:2      | Slain by a goblin

Vault maps used:
D:1:      kennysheep_arrival_seaside
D:2:      minmay_wonky_spiral, nicolae_overflow_crystal_walls, first_ration,
          uniq_robin, uniq_crazy_yiuf_cottage, uniq_sigmund

Skill      XL: |  1  2 |
---------------+-------+-----
Fighting       | 3 |  3.9
Long Blades    | |  2.6
Throwing       | |  1.7
Dodging        | |  2.6

Action                   || total
-------------------------++-------
Melee: Long sword        ||    78
Throw: Throwing net      ||     1
 Stab: Sleeping          ||     4
       Held in net/web   ||     1
Armor: Leather armour    ||    37
Dodge: Dodged            ||    73
       Rpst.: Long sword ||    24

Table legend:
 A = Spawn XP
 B = Non-spawn XP
 C = Spawn XP percentage of total XP
 D = Spawn monster count
 E = Non-spawn monster count
 F = Spawn count percentage of total count
 G = Total turns spent on level
                    A         B        C        D         E        F      G
               +---------+---------+-------+---------+---------+-------+---------
         Total |       0 |      65 |   0.0 |       0 |      25 |   0.0 |  1132
               +---------+---------+-------+---------+---------+-------+---------
           D:1 |       0 |      41 |   0.0 |       0 |      20 |   0.0 |  1019
           D:2 |       0 |      24 |   0.0 |       0 |       5 |   0.0 |   113
               +---------+---------+-------+---------+---------+-------+---------
